[Event "*** Titled Tuesday Blitz"]
[Site "Chess.com"]
[Date "2021.03.30"]
[Round "10"]
[White "KeithArkell"]
[Black "BvsN"]
[Result "1-0"]
[WhiteElo "2591"]
[BlackElo "2376"]
[TimeControl "180+1"]
[EndTime "11:54:29 PDT"]
[Termination "KeithArkell won by resignation"]

1. d4 d5 2. Nf3 e6 3. c4 c6 4. cxd5 exd5 5. Nc3 Bf5 6. Bg5 Be7 7. Bxe7 Qxe7 8. e3 Nf6 9. Bd3 Bxd3 10. Qxd3 O-O 11.
O-O Nbd7 12. b4 a6 13. a4 Nb6 14. Rab1 Nc8 15. b5 cxb5 16. axb5 a5 17. Na4 Ne4 18.
Nd2 Ncd6 19. Nxe4 Nxe4 20. Nb6 Ra7 21. Nxd5 Qe6 22. b6 Ra6 23. Nc7 Qg4 24. Nxa6 Ng5 25. f3 1-0

[Event "*** Titled Tuesday Blitz"]
[Site "Chess.com"]
[Date "2021.03.30"]
[Round "10"]
[White "Vuk2000"]
[Black "lucachess49"]
[Result "1-0"]
[WhiteElo "2713"]
[BlackElo "2437"]
[TimeControl "180+1"]
[EndTime "11:54:30 PDT"]
[Termination "Vuk2000 won by resignation"]

1. e4 e5 2. Nf3 Nc6 3. d4 exd4 4.
Nxd4 Nf6 5. Nxc6 bxc6 6. Bd3 d5 7. exd5 cxd5 8. O-O Be7 9. Bb5+ Bd7 10. Bxd7+ Qxd7 11. Nd2 O-O 12. b3 c5 13. Bb2 d4 14. Nf3 Rad8 15. c3 Ne4 16. cxd4 cxd4 17. Qxd4 Qg4 18.
Qxa7 Bc5 19. Qa4 Rd3 20. Rae1 f5 21. Qc4+ 1-0

[Event "*** Titled Tuesday Blitz"]
[Site "Chess.com"]
[Date "2021.03.30"]
[Round "10"]
[White "BozeKat"]
[Black "VladaSviridova"]
[Result "0-1"]
[WhiteElo "2032"]
[BlackElo "2228"]
[TimeControl "180+1"]
[EndTime "11:54:32 PDT"]
[Termination "VladaSviridova won by resignation"]

1. Nf3 d5 2. c4 c6 3. d4 Nf6 4. Nc3 dxc4 5. e3 b5 6. Be2 e6 7. O-O Bb7 8. Re1 Nbd7 9. Qc2 a6 10. a3 c5 11. b3 cxb3 12. Qxb3 c4 13. Qc2 Bd6 14. e4 e5 15. d5 O-O 16. Bf4 exf4 17. Bxc4 bxc4 18. e5 Nxe5 19. Nxe5 Rc8 20. Rab1 Qc7 21.
Nc6 Bxc6 22. dxc6 Qxc6 0-1

[Event "*** Titled Tuesday Blitz"]
[Site "Chess.com"]
[Date "2021.03.30"]
[Round "10"]
[White "Duhless"]
[Black "Zkid"]
[Result "1-0"]
[WhiteElo "3043"]
[BlackElo "2859"]
[TimeControl "180+1"]
[EndTime "11:54:37 PDT"]
[Termination "Duhless won by resignation"]

1. e4 e6 2. Nf3 d5 3. Nc3 Nf6 4. e5 Nfd7 5. Ne2 c5 6. c3 c4 7.
d4 cxd3 8. Ng3 Nc6 9. Bf4 f6 10. exf6 Qxf6 11. Bg5 Qf7 12. Bxd3 Bc5 13. O-O O-O 14. Be3 Bxe3 15. fxe3 Qe7 16. e4 Nde5 17. Nxe5 Nxe5 18. exd5 Qc5+ 19. Kh1 Rxf1+ 20. Qxf1 exd5 21. Re1 Ng6 22. Re8+ Nf8 23. Rxf8+ 1-0

[Event "*** Titled Tuesday Blitz"]
[Site "Chess.com"]
[Date "2021.03.30"]
[Round "10"]
[White "Ze-Pequeno"]
[Black "Ladislav1969"]
[Result "0-1"]
[WhiteElo "2219"]
[BlackElo "2346"]
[TimeControl "180+1"]
[EndTime "11:54:44 PDT"]
[Termination "Ladislav1969 won by resignation"]

1. e4 c5 2. Nf3 e6 3. d4 cxd4 4. Nxd4 a6 5. Bd3 Nc6 6. Nxc6 dxc6 7. Nd2 e5 8. Nc4 Bc5 9. Qh5 Bd6 10. Be3 Nf6 11.
Qg5 O-O 12. O-O-O h6 13. Qh4 Be7 14. Qg3 Ng4 15. Bb6 Bg5+ 16. Kb1 Qf6 17. f3 Bh4 18. Qh3 Nf2 0-1

[Event "*** Titled Tuesday Blitz"]
[Site "Chess.com"]
[Date "2021.03.30"]
[Round "10"]
[White "Mihnea2017"]
[Black "Olga_Zhuravleva"]
[Result "0-1"]
[WhiteElo "2448"]
[BlackElo "2338"]
[TimeControl "180+1"]
[EndTime "11:54:47 PDT"]
[Termination "Olga_Zhuravleva won by resignation"]

1. e4 e5 2. Nf3 Nc6 3. Nc3 Nf6 4.
g3 d5 5. exd5 Nxd5 6. Bg2 Nxc3 7. bxc3 Bc5 8. O-O O-O 9. Re1 Bg4 10. h3 Bh5 11. Rb1 Rb8 12. Rb5 Qd6 13. d3 a6 14.
Rb3 f5 15. Be3 Bxe3 16. fxe3 e4 17. dxe4 Qxd1 18. Rxd1 fxe4 0-1

[Event "*** Titled Tuesday Blitz"]
[Site "Chess.com"]
[Date "2021.03.30"]
[Round "10"]
[White "MerryPoppies"]
[Black "malakismayil"]
[Result "0-1"]
[WhiteElo "2219"]
[BlackElo "2310"]
[TimeControl "180+1"]
[EndTime "11:54:53 PDT"]
[Termination "malakismayil won by resignation"]

1. d4 Nf6 2. c4 e6 3. Nc3 Bb4 4. Qc2 O-O 5. Nf3 b6 6. a3 Bxc3+ 7. Qxc3 Bb7 8. Bg5 h6 9. Bh4 d6 10. e3 Nbd7 11. Bd3 Qe8 12. Bg3 Ne4 13. Qc2 f5 14. Nd2 Ndf6 15. f3 Nxd2 16. Qxd2 Qh5 17. O-O-O Rae8 18. Rde1 e5 19. d5 e4 20. Be2 Qg6 21.
Bf2 Nd7 22. f4 Nc5 23. Reg1 Nb3+ 0-1

[Event "*** Titled Tuesday Blitz"]
[Site "Chess.com"]
[Date "2021.03.30"]
[Round "10"]
[White "OK97"]
[Black "korbul"]
[Result "1-0"]
[WhiteElo "2786"]
[BlackElo "2577"]
[TimeControl "180+1"]
[EndTime "11:54:55 PDT"]
[Termination "OK97 won by resignation"]

1. e4 c5 2. Nf3 e6 3. g3 Nc6 4. Bg2 Nf6 5. Qe2 Be7 6. e5 Nd5 7. O-O O-O 8. c4 Nc7 9. Rd1 f6 10. exf6 Bxf6 11. Nc3 d5 12. d3 Nd4 13. Nxd4 cxd4 14.
Nb1 dxc4 15. dxc4 e5 16. Nd2 Bf5 17. Ne4 Be7 18. Bd2 Kh8 19. b4 Ne6 20. c5 d3 21.
Qe3 Nd4 22. Qxd3 Bg4 23. Be3 Bxd1 24. Rxd1 Nf3+ 25. Bxf3 Qxd3 26. Rxd3 Rxf3 27. Rd7 Bf6 28. Kg2 Rf5 29. g4 Rf4 30. Bxf4 exf4 31. Rxb7 Rd8 32.
Nxf6 gxf6 33. c6 1-0

[Event "*** Titled Tuesday Blitz"]
[Site "Chess.com"]
[Date "2021.03.30"]
[Round "10"]
[White "TorFredrikKaasen"]
[Black "BogdanDeac"]
[Result "0-1"]
[WhiteElo "2743"]
[BlackElo "3008"]
[TimeControl "180+1"]
[EndTime "11:55:03 PDT"]
[Termination "BogdanDeac won by resignation"]

1. Nf3 d5 2. g3 Nf6 3. Bg2 e6 4. O-O Be7 5. d3 O-O 6. Nbd2 a5 7. e4 a4 8. Re1 c5 9. e5 Nfd7 10. h4 Nc6 11. Nf1 f6 12. exf6 Nxf6 13. Bf4 Ng4 14. Bh3 e5 15. Bg5 Nxf2 16. Kxf2 Bxh3 17. Kg1 Bg4 18.
N1h2 Rxf3 19. Nxf3 Bxg5 20. hxg5 Nd4 21. Re3 e4 22. dxe4 dxe4 23. Rxe4 Bxf3 0-1

[Event "*** Titled Tuesday Blitz"]
[Site "Chess.com"]
[Date "2021.03.30"]
[Round "10"]
[White "Jumbo"]
[Black "Lion-Al-Messi"]
[Result "1-0"]
[WhiteElo "2788"]
[BlackElo "2509"]
[TimeControl "180+1"]
[EndTime "11:55:07 PDT"]
[Termination "Jumbo won by resignation"]

1. d4 d5 2. Bg5 Nf6 3. Bxf6 exf6 4. e3 Be7 5. c4 O-O 6. Nc3 dxc4 7. Bxc4 Nc6 8.
Nge2 Bf5 9. Bd3 Qd7 10. a3 Rad8 11. Bxf5 Qxf5 12. Qb1 Qg5 13. O-O Rfe8 14. h3 f5 15. Rd1 Qf6 16. Qc2 g6 17. Rac1 a6 18. Qb3 Bd6 19.
Qxb7 Rb8 20. Nd5 Bh2+ 21. Kf1 Qd6 22. Qxc6 Rxb2 23. Qxd6 Bxd6 24. Nf6+ 1-0

[Event "*** Titled Tuesday Blitz"]
[Site "Chess.com"]
[Date "2021.03.30"]
[Round "10"]
[White "poneis_malditos"]
[Black "ApoIogiA"]
[Result "1-0"]
[WhiteElo "2293"]
[BlackElo "2188"]
[TimeControl "180+1"]
[EndTime "11:55:16 PDT"]
[Termination "poneis_malditos won by resignation"]

1. e4 c5 2. Nc3 Nc6 3. g3 g6 4. Bg2 Bg7 5. d3 e5 6. Be3 d6 7. Qd2 Nge7 8. Bh6 O-O 9. h4 Nd4 10. O-O-O b5 11. h5 b4 12. Bxg7 bxc3 13. Qh6 Qb6 14. bxc3 Rb8 15. cxd4 Qb2+ 16. Kd2 Qb4+ 17. Ke2 Bg4+ 18. Bf3 f5 19. hxg6 hxg6 20. Bxf8 1-0

[Event "*** Titled Tuesday Blitz"]
[Site "Chess.com"]
[Date "2021.03.30"]
[Round "10"]
[White "Arvids_Andrejevs"]
[Black "Kostukov_Alex"]
[Result "1-0"]
[WhiteElo "2447"]
[BlackElo "2312"]
[TimeControl "180+1"]
[EndTime "11:55:21 PDT"]
[Termination "Arvids_Andrejevs won by resignation"]

1. e4 c5 2. c3 g6 3. d4 cxd4 4. cxd4 d5 5. exd5 Nf6 6. Nf3 Nxd5 7. Nc3 Bg7 8. Bc4 Nb6 9. Bb3 O-O 10. h3 Nc6 11. Be3 Na5 12. O-O Nbc4 13. Bc1 Be6 14.
Re1 Nxb3 15. axb3 Na5 16. d5 Bf5 17. Bg5 Bf6 18. d6 Bxg5 19. Nxg5 exd6 20. Nge4 Nc6 21. Nxd6 Qb6 22. Nd5 Be6 23. Nxb6 1-0

[Event "*** Titled Tuesday Blitz"]
[Site "Chess.com"]
[Date "2021.03.30"]
[Round "10"]
[White "Borsuk_Konstantin"]
[Black "Nozdrachev_Leonid"]
[Result "1-0"]
[WhiteElo "2667"]
[BlackElo "2538"]
[TimeControl "180+1"]
[EndTime "11:55:25 PDT"]
[Termination "Borsuk_Konstantin won by resignation"]

1. d4 d6 2. c4 e5 3. Nf3 e4 4. Ng5 f5 5. g3 Nf6 6. Nc3 c6 7. d5 Be7 8. h4 Na6 9. Be3 O-O 10. Bh3 cxd5 11. cxd5 Nc5 12. b4 Na6 13. Qb3 h6 14. Ne6 Bxe6 15. dxe6 Rc8 16. Rd1 d5 17. Nxd5 Nxd5 18.
Rxd5 Bxb4+ 19. Kf1 Qe7 20. Rd7 Qe8 21. e7+ Rf7 22. Bxf5 Bxe7 23. Rxe7 Qxe7 24. Bxc8 Nc5 25. Qd5 1-0

[Event "*** Titled Tuesday Blitz"]
[Site "Chess.com"]
[Date "2021.03.30"]
[Round "10"]
[White "KubaGepard"]
[Black "sganerdene"]
[Result "0-1"]
[WhiteElo "2436"]
[BlackElo "2634"]
[TimeControl "180+1"]
[EndTime "11:55:25 PDT"]
[Termination "sganerdene won by resignation"]

1. d4 Nf6 2. Nf3 g6 3. g3 Bg7 4. Bg2 O-O 5. O-O d6 6. b3 a5 7. c4 a4 8. Bb2 c5 9. dxc5 dxc5 10. Na3 Qb6 11. Qc1 axb3 12. axb3 Qxb3 13. Rd1 Nc6 14.
Nb5 Rxa1 15. Bxa1 Bf5 16. Nd2 Qa4 17. e4 Bg4 18. Re1 Nb4 19. Bf1 Nc2 20. Bxf6 Bxf6 21. e5 Nxe1 22. exf6 Qd1 23. Qb2 Qxd2 0-1

[Event "*** Titled Tuesday Blitz"]
[Site "Chess.com"]
[Date "2021.03.30"]
[Round "10"]
[White "nrvisakh"]
[Black "Leo_C"]
[Result "1-0"]
[WhiteElo "2787"]
[BlackElo "2396"]
[TimeControl "180+1"]
[EndTime "11:55:32 PDT"]
[Termination "nrvisakh won by checkmate"]

1. e4 c6 2. Nf3 d5 3. d3 Bg4 4.
h3 Bh5 5. Qe2 e6 6. g4 Bg6 7.
Bg2 Nf6 8. Ne5 Bc5 9. h4 Bd4 10. Nxg6 hxg6 11. c3 Bb6 12. Bg5 Qc7 13. Nd2 Nbd7 14.
d4 a5 15. h5 gxh5 16. gxh5 Nxe4 17. Nxe4 dxe4 18. Bxe4 a4 19. a3 c5 20. d5 Qe5 21.
f4 Qd6 22. O-O-O e5 23. Bf5 O-O 24. h6 g6 25. Bxd7 Qxd7 26. h7+ Kg7 27. Bf6+ Kxf6 28.
Qxe5# 1-0

[Event "*** Titled Tuesday Blitz"]
[Site "Chess.com"]
[Date "2021.03.30"]
[Round "10"]
[White "IljaJoke"]
[Black "JoliyRoger"]
[Result "0-1"]
[WhiteElo "2490"]
[BlackElo "2403"]
[TimeControl "180+1"]
[EndTime "11:55:35 PDT"]
[Termination "JoliyRoger won by resignation"]

1. e4 c6 2. d4 d5 3. exd5 cxd5 4. c4 Nf6 5. Nc3 e6 6. Nf3 Bb4 7. cxd5 Nxd5 8. Qc2 Nc6 9. Bc4 O-O 10. O-O Nf6 11.
Rd1 Bxc3 12. bxc3 Ne7 13. Bg5 Qd6 14. Bd3 Ng6 15. c4 Bd7 16. c5 Qc7 17. Bxf6 gxf6 18. d5 exd5 19. Bxg6 hxg6 20. Rxd5 Bc6 21. Rd6 Bxf3 22.
gxf3 Rac8 23. Rxf6 Qe5 0-1

[Event "*** Titled Tuesday Blitz"]
[Site "Chess.com"]
[Date "2021.03.30"]
[Round "10"]
[White "xberli"]
[Black "petincash"]
[Result "1-0"]
[WhiteElo "2487"]
[BlackElo "2281"]
[TimeControl "180+1"]
[EndTime "11:55:44 PDT"]
[Termination "xberli won by resignation"]

1. d4 Nf6 2. c4 g6 3. Nc3 Bg7 4. e4 O-O 5. Nge2 d6 6. Ng3 h5 7. Bg5 c5 8. d5 Qb6 9. Qd2 e6 10. Be2 exd5 11. exd5 Nbd7 12. O-O Ne5 13. f4 Neg4 14. h3 Nh6 15. Bd3 Nh7 16. f5 Nxg5 17.
Qxg5 Qxb2 18. fxg6 Qxc3 19. gxf7+ Rxf7 20. Qg6 Kf8 21. Rxf7+ Nxf7 22. Rf1 1-0

[Event "*** Titled Tuesday Blitz"]
[Site "Chess.com"]
[Date "2021.03.30"]
[Round "10"]
[White "ChristopherYoo"]
[Black "nikitakhoroshev"]
[Result "1-0"]
[WhiteElo "2913"]
[BlackElo "2676"]
[TimeControl "180+1"]
[EndTime "11:55:45 PDT"]
[Termination "ChristopherYoo won by resignation"]

1. e4 e5 2. Nf3 Nc6 3. Bb5 a6 4. Ba4 Nf6 5. d4 b5 6. Bb3 exd4 7. e5 Ne4 8. Bd5 Nc5 9. Nxd4 Bb7 10. O-O Nxd4 11.
Bxb7 Nxb7 12. Qxd4 Bc5 13. Qg4 Qe7 14. Qxg7 O-O-O 15.
Bg5 Rdg8 16. Qxg8+ Rxg8 17. Bxe7 Bxe7 18. Nc3 Nc5 19. Rad1 h5 20. Rfe1 h4 21. Nd5 Bd8 22.
g3 Rg6 23. Kg2 Ne6 24. Re4 h3+ 25. Kf1 Ng5 26. Rf4 Re6 27. Rf5 Ne4 28. Rd4 Nc5 29. Nf4 Rc6 30. Nxh3 Ne6 31. Rd2 Rc5 32. Nf4 Ng5 33.
Nd3 Rd5 34. h4 Ne4 35. Re2 Nd6 36. Rf3 Nc4 37. Rxf7 c6 38. h5 Bg5 39. f4 Bd8 40. h6 1-0

[Event "*** Titled Tuesday Blitz"]
[Site "Chess.com"]
[Date "2021.03.30"]
[Round "10"]
[White "chessdjw"]
[Black "Goryachkina"]
[Result "1-0"]
[WhiteElo "2772"]
[BlackElo "2637"]
[TimeControl "180+1"]
[EndTime "11:55:48 PDT"]
[Termination "chessdjw won by resignation"]

1. e4 c6 2. d4 d5 3. e5 Bf5 4.
Nf3 e6 5. Be2 Ne7 6. c3 Bg6 7.
O-O Nd7 8. a4 a5 9. Na3 h6 10.
Nc2 Nf5 11. Bd2 Be7 12. g4 Nh4 13. Nxh4 Bxh4 14. f4 f5 15. Ne3 O-O 16. gxf5 Bxf5 17. Nxf5 exf5 18. Bd3 Qe7 19. Qh5 Nb6 20. b3 Nc8 21. Bxf5 Qe8 22. Bg6 Qd8 23. Bd3 Be7 24. Qg6 1-0

[Event "*** Titled Tuesday Blitz"]
[Site "Chess.com"]
[Date "2021.03.30"]
[Round "10"]
[White "AustrianFalcon"]
[Black "LEGENYA1998"]
[Result "1-0"]
[WhiteElo "2439"]
[BlackElo "2213"]
[TimeControl "180+1"]
[EndTime "11:55:50 PDT"]
[Termination "AustrianFalcon won by resignation"]

1. c4 e6 2. Nc3 Nf6 3. e4 d6 4. d4 Nc6 5. Nf3 Be7 6. Bd3 O-O 7. O-O e5 8. d5 Nb8 9. h3 Ne8 10. Be3 g6 11. Nd2 Nd7 12. b4 Ng7 13. Rc1 f5 14. f3 f4 15. Bf2 Bh4 16. Qb3 Bxf2+ 17. Rxf2 b6 18. Na4 h5 19. c5 bxc5 20. bxc5 Nf6 21. cxd6 cxd6 22. Nc4 Rf7 23. Qa3 Nge8 24. Rfc2 Rb8 25.
Nc3 Rg7 26. Na5 Qb6+ 27. Kh1 g5 28. Nc6 Rbb7 29. Na4 Qe3 30. Re2 1-0

[Event "*** Titled Tuesday Blitz"]
[Site "Chess.com"]
[Date "2021.03.30"]
[Round "10"]
[White "tandaleo"]
[Black "Kozok"]
[Result "1-0"]
[WhiteElo "2365"]
[BlackElo "2475"]
[TimeControl "180+1"]
[EndTime "11:55:58 PDT"]
[Termination "tandaleo won by resignation"]

1. Nf3 Nf6 2. g3 d5 3. Bg2 Bf5 4. O-O h6 5. c4 e6 6. cxd5 exd5 7.
Qb3 Qc8 8. Nc3 c6 9. d3 Be7 10. e4 Be6 11. Nd4 O-O 12. Nxe6 fxe6 13. e5 Nfd7 14.
f4 c5 15. Nxd5 exd5 16. Bxd5+ Kh8 17. Bxb7 c4 18. Bxc8 cxb3 19. Bb7 Na6 20. Bxa6 Nc5 21. Bc4 bxa2 22. Rxa2 Rfd8 23. Rd1 Ne4 24. Be3 a6 25. Rxa6 Nc5 26. Rxa8 Rxa8 27. d4 Na4 28. b3 Nb2 29. Rd2 Ra1+ 30. Kg2 Nd1 31. Bg1 Bb4 32. Rc2 g5 33. d5 1-0

[Event "*** Titled Tuesday Blitz"]
[Site "Chess.com"]
[Date "2021.03.30"]
[Round "10"]
[White "kakorrhaphiophobie"]
[Black "eduardoperalta"]
[Result "0-1"]
[WhiteElo "2348"]
[BlackElo "2484"]
[TimeControl "180+1"]
[EndTime "11:55:59 PDT"]
[Termination "eduardoperalta won on time"]

1. d4 Nf6 2. c4 g6 3. Nc3 Bg7 4. e4 d6 5. Nf3 O-O 6. Be2 c5 7.
O-O Nc6 8. d5 Na5 9. h3 e5 10. a3 b6 11. b4 Nb7 12. Be3 Nh5 13.
Re1 Nf4 14. Bf1 Bd7 15. Qb3 Kh8 16. a4 cxb4 17. Qxb4 Nc5 18. Qb1 f5 19. Ra3 fxe4 20. Nxe4 Nxe4 21. Bxf4 Rxf4 22. Rxe4 Bf5 23. Bd3 Bxe4 24.
Bxe4 Qf6 25. a5 bxa5 26. Rxa5 Bh6 27. Qb7 Qd8 28. Nd2 Qxa5 29. Qxa8+ Rf8 30. Qc6 Qxd2 0-1

[Event "*** Titled Tuesday Blitz"]
[Site "Chess.com"]
[Date "2021.03.30"]
[Round "10"]
[White "profofchess"]
[Black "paulrusan"]
[Result "1-0"]
[WhiteElo "2447"]
[BlackElo "2312"]
[TimeControl "180+1"]
[EndTime "11:56:05 PDT"]
[Termination "profofchess won by checkmate"]

1. e4 c5 2. Nf3 Nc6 3. Bb5 g6 4. O-O Bg7 5. Re1 Nf6 6. e5 Nd5 7.
Nc3 Nc7 8. Bxc6 dxc6 9. Ne4 Ne6 10. d3 O-O 11. Be3 b6 12. Qd2 Nd4 13. Nxd4 cxd4 14. Bh6 Bf5 15. Ng3 Be6 16. h4 Qd5 17. Bxg7 Kxg7 18.
h5 f6 19. exf6+ exf6 20. Qf4 Rae8 21. Re2 g5 22. Qd2 h6 23. b3 f5 24. f4 g4 25.
Rae1 Bf7 26. Re5 Rxe5 27. Rxe5 Be6 28. Rxd5 Bxd5 29. Qe2 Rf6 30. Qe5 Kf7 31. Nxf5 Re6 32. Qc7+ Kf6 33. Nxh6 g3 34. Qf7# 1-0

[Event "*** Titled Tuesday Blitz"]
[Site "Chess.com"]
[Date "2021.03.30"]
[Round "10"]
[White "pavelalexandru07"]
[Black "beto-betun"]
[Result "1-0"]
[WhiteElo "2303"]
[BlackElo "2218"]
[TimeControl "180+1"]
[EndTime "11:56:15 PDT"]
[Termination "pavelalexandru07 won by resignation"]

1. e4 c5 2. Nf3 d6 3. d4 cxd4 4. Nxd4 Nf6 5. Nc3 a6 6. Bg5 e6 7. f4 Be7 8. Qf3 Qc7 9. O-O-O Nbd7 10. g4 b5 11. Bxf6 gxf6 12. f5 Ne5 13. Qe2 b4 14. Nb1 Bd7 15. Bh3 h6 16. fxe6 fxe6 17. g5 hxg5 18. Bxe6 Rc8 19. Bxd7+ Kxd7 20. Qxa6 Rh4 21.
Qb5+ Nc6 22. Qf5+ Ke8 23. Qg6+ Kd7 24. Nb5 Qa5 25. Qf5+ Ke8 26. Qxc8+ Kf7 27. Qxc6 Qxa2 28. Qd5+ Qxd5 29. exd5 1-0

[Event "*** Titled Tuesday Blitz"]
[Site "Chess.com"]
[Date "2021.03.30"]
[Round "10"]
[White "AniJak"]
[Black "zurzan"]
[Result "0-1"]
[WhiteElo "2295"]
[BlackElo "2007"]
[TimeControl "180+1"]
[EndTime "11:56:17 PDT"]
[Termination "zurzan won by resignation"]

1. e4 Nf6 2. e5 Nd5 3. d4 d6 4. c4 Nb6 5. exd6 cxd6 6. Be3 g6 7. Nc3 Bg7 8. Rc1 O-O 9. Be2 Nc6 10. Nf3 Bg4 11. O-O Bxf3 12. gxf3 e5 13. d5 Nd4 14. Bxd4 exd4 15. Ne4 Rc8 16. b3 f5 17. Ng3 h5 18. Bd3 h4 19. Ne2 Qg5+ 20. Kh1 Bh6 21.
Rg1 Qh5 22. Nxd4 Bxc1 23. Qxc1 Nxd5 24. Qg5 Qxg5 25. Rxg5 Ne7 26. Ne6 Rf6 27. Nf4 Kh7 28. Kg2 Kh6 29. Nh3 d5 30. f4 a6 31. Kf3 dxc4 32. Bxc4 b5 33. Bf1 Rc3+ 34. Ke2 Re6+ 35.
Kd2 Rf3 36. Be2 Rxh3 0-1

[Event "*** Titled Tuesday Blitz"]
[Site "Chess.com"]
[Date "2021.03.30"]
[Round "10"]
[White "Kretov_Evgenij"]
[Black "mac0504"]
[Result "1-0"]
[WhiteElo "2573"]
[BlackElo "2457"]
[TimeControl "180+1"]
[EndTime "11:56:18 PDT"]
[Termination "Kretov_Evgenij won on time"]

1. d4 Nf6 2. c4 e6 3. Nc3 Bb4 4. Bg5 O-O 5. e3 h6 6. Bh4 b6 7. Bd3 Bb7 8. Nf3 Bxc3+ 9. bxc3 d6 10. O-O Nbd7 11. Nd2 g5 12. Bg3 e5 13. f4 Qe7 14. fxe5 dxe5 15. Kh1 Rad8 16. Qe2 Ne8 17. Rf2 Ng7 18. Raf1 f6 19. Bg6 c5 20. d5 Nb8 21.
Ne4 Rd6 22. Nxd6 Qxd6 23. h4 Bc8 24. e4 Na6 25. hxg5 hxg5 26. Rb1 Nc7 27. Kg1 1-0

[Event "*** Titled Tuesday Blitz"]
[Site "Chess.com"]
[Date "2021.03.30"]
[Round "10"]
[White "anon102030"]
[Black "Nikolakis2014"]
[Result "0-1"]
[WhiteElo "2727"]
[BlackElo "2629"]
[TimeControl "180+1"]
[EndTime "11:56:22 PDT"]
[Termination "Nikolakis2014 won on time"]

1. e4 c5 2. Nc3 Nc6 3. g3 g6 4. Bg2 Bg7 5. d3 d6 6. Be3 e6 7. Nf3 Nge7 8. d4 cxd4 9. Nxd4 a6 10. O-O O-O 11. f4 Qc7 12. Qd2 Rd8 13. Rad1 b5 14.
f5 Be5 15. f6 Bb7 16. fxe7 Nxe7 17. Bg5 Re8 18. Bf6 Rac8 19. Bxe5 dxe5 20. Nf3 b4 21. Ne2 Bxe4 22. Qxb4 Ba8 23. Qd6 Qa7+ 24. Kh1 Nf5 25. Qd7 Qxd7 26. Rxd7 Rxc2 27. Rd2 Bxf3 0-1

[Event "*** Titled Tuesday Blitz"]
[Site "Chess.com"]
[Date "2021.03.30"]
[Round "10"]
[White "LenkaPtacnikova"]
[Black "CASTIGADOR2"]
[Result "1-0"]
[WhiteElo "2155"]
[BlackElo "2274"]
[TimeControl "180+1"]
[EndTime "11:56:25 PDT"]
[Termination "LenkaPtacnikova won on time"]

1. c4 Nf6 2. g3 d6 3. Bg2 g6 4.
Nc3 Bg7 5. Nf3 O-O 6. O-O e5 7. d4 Nbd7 8. e4 c6 9. Bg5 h6 10. Bc1 a6 11. h3 b5 12. d5 cxd5 13. cxd5 b4 14. Na4 Nxe4 15. Nxe5 Nxe5 16. Bxe4 Bxh3 17.
Re1 Qf6 18. Nb6 Bg4 19. Qb3 Rab8 20. Nc4 Nf3+ 21. Bxf3 Bxf3 22. Ne3 Be4 23. Ng2 Bf5 24. Nf4 g5 25. Nh5 Qg6 26. Nxg7 Qxg7 27. Be3 a5 28.
Rac1 Be4 29. Bxg5 f5 30. Bf4 Qg4 31. Bxd6 Qh3 32. f3 a4 33. Qe3 1-0

[Event "*** Titled Tuesday Blitz"]
[Site "Chess.com"]
[Date "2021.03.30"]
[Round "10"]
[White "Orest_Vovk"]
[Black "ShapkinAnatoliy"]
[Result "0-1"]
[WhiteElo "2479"]
[BlackElo "2652"]
[TimeControl "180+1"]
[EndTime "11:56:31 PDT"]
[Termination "ShapkinAnatoliy won by resignation"]

1. h3 d5 2. e4 dxe4 3. Nc3 Nf6 4. Qe2 Bf5 5. Qb5+ Bd7 6. Qxb7 Nc6 7. Bb5 Rb8 8. Qxc6 Bxc6 9. Bxc6+ Nd7 10. Nxe4 e6 11. Nf3 Bd6 12. d4 O-O 13. O-O h6 14. c3 Nf6 15. b4 Nxe4 16. Bxe4 a5 17. a3 axb4 18. axb4 Qd7 19. Ra5 Rb5 20. Ra7 Qd8 21. Bc6 Rb6 22. b5 Qf6 23. c4 Bf4 24. Ba3 Rd8 25. Bc5 Rbb8 26. Re1 Bd6 27. Ne5 Bxc5 28. dxc5 Rd2 29. Bf3 Qh4 30. g3 Qd4 31. Rxc7 Qxf2+ 0-1

[Event "*** Titled Tuesday Blitz"]
[Site "Chess.com"]
[Date "2021.03.30"]
[Round "10"]
[White "marianokar"]
[Black "Julianos82"]
[Result "1-0"]
[WhiteElo "2506"]
[BlackElo "2370"]
[TimeControl "180+1"]
[EndTime "11:56:31 PDT"]
[Termination "marianokar won by resignation"]

1. e4 c5 2. Nf3 b6 3. d4 cxd4 4. Nxd4 Bb7 5. Bd3 a6 6. O-O e6 7. c4 Qc7 8. Nc3 Nf6 9. Kh1 h5 10. f4 Nc6 11. Nf3 Bc5 12. e5 Ng4 13. Ne4 Nd4 14. Nxd4 Bxd4 15. Qe2 f5 16. Nd6+ Ke7 17. Nxb7 Qxb7 18. Rb1 Rad8 19. b3 Kf7 20. Ba3 b5 21. cxb5 axb5 22. h3 b4 23. Bb2 Bb6 24. a4 bxa3 25.
Bxa3 Ra8 26. Bd6 Ne3 27. Rf3 Nd5 28. Bc4 Rhc8 29. Rd1 Nb4 30. Bxb4 1-0

[Event "*** Titled Tuesday Blitz"]
[Site "Chess.com"]
[Date "2021.03.30"]
[Round "10"]
[White "Keks2017"]
[Black "XDPS"]
[Result "1/2-1/2"]
[WhiteElo "2492"]
[BlackElo "2749"]
[TimeControl "180+1"]
[EndTime "11:56:33 PDT"]
[Termination "Game drawn by repetition"]

1. g3 d5 2. Bg2 e5 3. d3 Nc6 4. Nf3 g6 5. O-O Bg7 6. e4 Nge7 7. c3 O-O 8. b4 a6 9. a3 h6 10. Bb2 Be6 11. Nbd2 Qd7 12. Qc2 Rad8 13. Rfe1 f5 14. exd5 Bxd5 15. c4 Bxf3 16. Nxf3 Qxd3 17.
Qxd3 Rxd3 18. Nxe5 Nxe5 19. Bxe5 Nc6 20. Bxg7 Kxg7 21.
b5 axb5 22. cxb5 Na5 23. a4 Rf7 24. h4 Rd4 25. Ra3 b6 26. Rc1 Re7 27. Rac3 Rxa4 28. Rxc7 Rxc7 29. Rxc7+ Kf6 30. f4 Rb4 31. Bd5 g5 32.
fxg5+ hxg5 33. h5 Rxb5 34. Bg8 Rb1+ 35. Kg2 Rb2+ 36. Kg1 Rb1+ 37. Kg2 Rb2+ 38. Kg1 Rb1+ 1/2-1/2

[Event "*** Titled Tuesday Blitz"]
[Site "Chess.com"]
[Date "2021.03.30"]
[Round "10"]
[White "VladDobrov"]
[Black "NateSolon"]
[Result "0-1"]
[WhiteElo "2750"]
[BlackElo "2608"]
[TimeControl "180+1"]
[EndTime "11:56:34 PDT"]
[Termination "NateSolon won on time"]

1. b3 e5 2. Bb2 Nc6 3. e3 d5 4.
Bb5 Bd6 5. f4 f6 6. fxe5 fxe5 7.
Nf3 Nh6 8. Bxe5 Bxe5 9. Nxe5 Qh4+ 10. g3 Qe4 11. Qh5+ g6 12. Qxh6 Qxh1+ 13. Ke2 Qg2+ 14.
Ke1 Qh1+ 15. Ke2 Rf8 16. Nc3 Qxa1 17. Bxc6+ bxc6 18. Kd3 Qf1+ 19. Kd4 Qf6 20. Na4 Bf5 21. d3 O-O-O 22. Nc5 Rfe8 23. Qf4 g5 24. b4 gxf4 25.
exf4 Re7 0-1

[Event "*** Titled Tuesday Blitz"]
[Site "Chess.com"]
[Date "2021.03.30"]
[Round "10"]
[White "Artyom_ChessMate"]
[Black "ViktoriyaTarasova"]
[Result "1-0"]
[WhiteElo "2558"]
[BlackElo "2417"]
[TimeControl "180+1"]
[EndTime "11:56:34 PDT"]
[Termination "Artyom_ChessMate won by resignation"]

1. e4 e5 2. Nf3 Nc6 3. Bb5 Nf6 4.
O-O Nxe4 5. Re1 Nd6 6. Nxe5 Be7 7. Bd3 Nxe5 8. Rxe5 O-O 9. Nc3 Bf6 10. Re3 g6 11.
Nb1 Bg7 12. Nc3 c6 13. b3 Re8 14. Ba3 Rxe3 15. fxe3 Qc7 16. Qf3 Ne8 17. Rf1 d5 18. e4 d4 19. Ne2 b5 20. Bc5 Qd7 21. Kh1 Nc7 22. Bxd4 Ne6 23. Bxg7 Nxg7 24. a4 a6 25. Qf6 Bb7 26. Nd4 c5 27. Nf3 bxa4 28. bxa4 Rf8 29. Ng5 Qd4 30. Qxd4 cxd4 31. Rb1 Bc6 32. a5 f6 33. Nf3 f5 34. exf5 Bxf3 35. gxf3 Rxf5 36.
Bxf5 Nxf5 37. Rb6 1-0